 Dungeon Crawl Stone Soup version 0.31-a0-968-g24f9ace8b5 (webtiles) character file.

Game seed: 8998383858125676258

81 Fodor the Trooper (level 4, -5/41 HPs)
             Began as a Minotaur Fighter on Oct 27, 2023.
             Killed from afar by an electric eel (13 damage)
             ... with a bolt of electricity
             ... on level 3 of the Dungeon.
             The game lasted 00:11:29 (2093 turns).

Fodor the Trooper (Minotaur Fighter)                Turns: 2093, Time: 00:11:30

Health: -5/41      AC:  7    Str: 23    XL:     4   Next: 20%
Magic:  3/3        EV:  9    Int:  5    God:
Gold:   151        SH:  0    Dex:  9    Spells: 3/3 levels left

rFire   . . .        a - +0 war axe
rCold   . . .        l - orb {light}
rNeg    . . .        b - +0 scale mail
rPois   .            (helmet restricted)
rElec   .            m - scarf {repulsion}
rCorr   .            (no gloves)
SInv    .            (no boots)
Will    .....        (no amulet) Stlth
                     (no ring)
HPRegen 0.26/turn    (no ring)
MPRegen 0.08/turn

%: repel missiles
@: glowing
A: horns 2, retaliatory headbutt
a: no special abilities


You were on level 3 of the Dungeon.
You visited 1 branch of the dungeon, and saw 3 of its levels.

You collected 151 gold pieces.

Inventory:

Hand Weapons
 a - a +0 war axe (weapon)
Armour
 b - a +0 scale mail (worn)
 c - a +0 buckler
 l - an orb of light (worn)
 m - a scarf of repulsion (worn)
Wands
 s - a wand of flame (13)
Scrolls
 e - a scroll of acquirement {unknown}
 g - a scroll of enchant armour {unknown}
 j - 2 scrolls of torment {unknown}
 n - 2 scrolls of teleportation {unknown}
 o - 2 scrolls of identify {unknown}
 p - a scroll of amnesia {unknown}
 r - a scroll of immolation {unknown}
Potions
 d - 2 potions of might
 f - a potion of resistance {unknown}
 h - 2 potions of heal wounds {unknown}
 i - 2 potions of haste {unknown}
 k - a potion of curing {unknown}


   Skills:
 + Level 4.4 Fighting
 + Level 3.5 Axes
 + Level 4.4 Armour
 + Level 0.1 Dodging
 + Level 4.1 Shields


You had 3 spell levels left.
You didn't know any spells.
Your spell library was empty.

Dungeon Overview and Level Annotations

Branches:
Dungeon (3/15)

Altars:
Trog

Annotations:
D:3 1 transporter


Innate Abilities, Weirdness & Mutations

You have a pair of horns on your head.
You reflexively headbutt those who attack you in melee.


Message History

Press: ? - help, Q - select action, (/) - cycle Shift-Dir - straight line, f/p - electric eel
Aim: an electric eel (lightly wounded, poisoned, haloed, 52% to hit)
You throw a poisoned dart.
The poisoned dart barely misses the electric eel.
You hear a splash.
Throw: 2 darts (poison)
Press: ? - help, Q - select action, (/) - cycle Shift-Dir - straight line, f/p - electric eel
Aim: an electric eel (lightly wounded, poisoned, haloed, 52% to hit)
You throw a poisoned dart.
The poisoned dart closely misses the electric eel.
You hear a splash.
Throw: dart (poison)
Press: ? - help, Q - select action, (/) - cycle Shift-Dir - straight line, f/p - electric eel
Aim: an electric eel (moderately wounded, poisoned, haloed, 52% to hit)
You throw a poisoned dart.
The poisoned dart hits the electric eel.
The electric eel is moderately wounded.
You hear a splash.
You slash the plant!
The plant begins to die.
You headbutt the plant.
The plant is lightly damaged.
You hit the plant.
The plant is lightly damaged.
You hit the plant.
The plant is lightly damaged.
A nearby plant withers and dies.
The electric eel looks more healthy.
You enter the shallow water.
Moving in this stuff is going to be slow.
Unknown command.
Unknown command.
The electric eel shoots out a bolt of lightning at you!
The bolt of electricity hits you! x2
The electric eel shoots out a bolt of lightning at you!
The bolt of electricity misses you. The bolt of electricity hits you!
There is an open door here.
You closely miss the electric eel. You hit the electric eel.
The electric eel shoots out a bolt of lightning at you!
The bolt of electricity hits you!
* * * LOW HITPOINT WARNING * * *
The bolt of electricity hits you!
You die...

#...# #..
#....#....
#...#### ##.##
#####.....
#...'..####...####
#..###
#...##.#....©....#
#..#
#...##.#.#######.#
....#
######.#.#8.©.8#.#
.###.#
#.#.#P...~#.# #
#.# #†#.###'###.#
#.. #.#.#~..@S#.#
###
###.#.#~...S#.#
#...#.#~~~P(#.#
#.###.#~P⌠~~#.#
#.# #.#~P~~~#.#
#.# #.#~P~P~#.#
#.# #.#~~~~~#.#
#.# #.###+###.#
#.# #.#P.?.P#.#


You could see 2 electric eels.

Vanquished Creatures
  3 adders (D:2)
  A worm (D:2)
  2 dart slugs
  3 endoplasms
  A giant cockroach (D:2)
  6 goblins
  6 hobgoblins
  2 quokkas
  6 ball pythons
  7 bats
  3 frilled lizards
  6 kobolds
  2 rats (D:3)
48 creatures vanquished.

Notes
Turn   | Place    | Note
-------+----------+-------------------------------------------
     0 | D:1      | Fodor the Minotaur Fighter began the quest for the Orb.
     0 | D:1      | Reached XP level 1. HP: 19/19 MP: 0/0
   515 | D:1      | Reached XP level 2. HP: 27/27 MP: 1/1
   978 | D:2      | Reached XP level 3. HP: 30/33 MP: 2/2
  1291 | D:2      | Reached XP level 4. HP: 41/41 MP: 3/3
  1730 | D:3      | Identified the "Womuxoq"
  1733 | D:3      | Found a bloodstained altar of Trog.
  1954 | D:3      | Found a transporter.
  1974 | D:3      | Found a transporter.
  2093 | D:3      | Killed from afar by an electric eel

Illustrated notes

Levels and vault maps discovered:
D:1:      minmay_arrival_widening_spiral_narrow, layout_basic, glass_columns_a,
          minmay_misc_feat_nine_boxes, st_stairs_5
D:2:      layout_basic, minmay_diced_spiral
D:3:      gammafunk_steamed_eel, layout_basic, trog_three_pillars_becter,
          shapermc_ecumenical_altar_rom_forum, uniq_robin

Skill      XL: |  1  2  3 |
---------------+----------+-----
Fighting       | 4 |  4.4
Armour         | 4 |  4.4
Shields        | 4 |  4.1
Axes           | 3 |  3.5
Dodging        | |  0.1

Action                     |  1- 3 |  4- 6 || total
---------------------------+-------+-------++-------
  Melee: War axe           |    65 |    23 ||    88
         Headbutt          |     4 |     3 ||     7
  Throw: Dart              |       |     8 ||     8
 Armour: Scale mail        |    68 |    15 ||    83
  Dodge: Dodged            |    40 |    12 ||    52
  Block: Buckler           |    12 |       ||    12

Table legend: (Time is in decaauts)
 A = Elapsed time spent in this place.
 B = Non-inter-level travel time spent in this place.
 C = Inter-level travel time spent in this place.
 D = Time resting spent in this place.
 E = Time spent auto-exploring this place.
 F = Levels seen in this place.
 G = Mean time per level.
                   A        B        C        D        E       F      G
               +--------+--------+--------+--------+--------+-----+--------+
         Total |   2125 |   2089 |     36 |    110 |      0 |   3 |  708.3 |
       Dungeon |   2125 |   2089 |     36 |    110 |      0 |   3 |  708.3 |
               +--------+--------+--------+--------+--------+-----+--------+

Top non-repeatable levels by time:
     D:1: 937 daAuts
     D:2: 819 daAuts
     D:3: 369 daAuts
